 Dungeon Crawl Stone Soup version 0.20-a0-893-g832831a (webtiles) character file.

144 Denreik the Skirmisher (level 5, -6/46 HPs)
             Began as a Formicid Chaos Knight on Mar 18, 2017.
             Mangled by a merfolk
             ... wielding a +0 spear
              (8 damage)
             ... on level 9 of the Dungeon.
             The game lasted 00:02:37 (398 turns).

Denreik the Skirmisher (Formicid Chaos Knight)       Turns: 398, Time: 00:02:38

Health: -6/46      AC:  5    Str: 16    XL:     5   Next: 51%
Magic:  5/5        EV: 11    Int: 12    God:    Xom [....*.]
Gold:   42         SH:  0    Dex: 11    Spells: 4/4 levels left

rFire    . . .     SeeInvis +   a - +0 spear (chaos)
rCold    . . .     Gourm    .   b - +2 leather armour
rNeg     . . .     Faith    .   (no shield)
rPois    .         Spirit   .   (helmet unavailable)
rElec    .         Reflect  .   (no cloak)
rCorr    .         Harm     .   (no gloves)
MR       .....                  (no boots)
Stlth    ++++......             (no amulet)
Regen    0.2/turn               (no ring)
MPRegen  0.1/turn               (no ring)

@: especially stealthy, flying
A: permanent stasis, dig shafts and tunnels, four strong arms, antennae 3
a: Dig, Shaft Self, Renounce Religion


You were on level 9 of the Dungeon.
You worshipped Xom.
You were a beloved toy of Xom.
You were not hungry.

You visited 1 branch of the dungeon, and saw 6 of its levels.

You collected 42 gold pieces.

Inventory:

Hand Weapons
 a - a +0 spear of chaos (weapon)
 i - a +0 short sword
 n - a +0 hand crossbow
Missiles
 f - 6 stones (quivered)
 m - 33 bolts
Armour
 b - a +2 leather armour (worn)
 j - a +2 robe of positive energy
Wands
 g - a wand of paralysis (17/24)
Scrolls
 e - a scroll of enchant weapon {unknown}
 o - a scroll of teleportation {unknown}
Potions
 l - a potion of curing {unknown}
 p - a potion of cancellation {unknown}
Comestibles
 c - 2 bread rations
 d - a meat ration
 k - 2 chunks of flesh


   Skills:
 * Level 5.8 Fighting
 - Level 3.0 Polearms
 - Level 2.1 Armour
 - Level 0.8 Dodging
 * Level 2.6 Stealth


You had 4 spell levels left.
You didn't know any spells.

Dungeon Overview and Level Annotations

Branches:
Dungeon (6/15)
 Temple: D:4-7

Altars:
Xom


Innate Abilities, Weirdness & Mutations

You cannot be hasted, slowed, berserked, paralysed or teleported.
You can dig through walls and to a lower floor.
Your four strong arms can wield two-handed weapons with a shield.
You have a pair of large antennae on your head. (SInv)


Message History

The merfolk is moderately wounded.
The merfolk hits you with a spear!
You hit the merfolk but do no damage.
The merfolk shakes off its lethargy.
The merfolk goes berserk!
The merfolk is moderately wounded.
The merfolk hits you with a spear.
You hit the merfolk but do no damage.
The merfolk is moderately wounded.
The merfolk hits you with a spear! The merfolk hits you with a spear!!
* * * LOW HITPOINT WARNING * * *
Xom roars with laughter!
You hit the merfolk but do no damage.
The merfolk is lightly wounded.
The merfolk closely misses you.
It was a potion of flight.
You feel very buoyant.
You fly up into the air.
The merfolk closely misses you. The merfolk hits you with a spear!
You die...
Xom giggles madly!

{ {
######
#≈≈≈≈#
#m(..+
#@%#
####


You could see a merfolk (berserk).

Vanquished Creatures
  A phantom (D:5)
  An adder (D:5)
  2 giant cockroaches (D:5)
  A goblin (D:2)
  A leopard gecko zombie (D:5)
6 creatures vanquished.

Vanquished Creatures (others)
  Duvessa (D:5)
  Dowan (D:5)
  A bullfrog zombie (D:5)
3 creatures vanquished.

Grand Total: 9 creatures vanquished

Notes
Turn   | Place    | Note
-------+----------+-------------------------------------------
     0 | D:1      | Denreik the Formicid Chaos Knight began the quest for the Orb.
     0 | D:1      | Reached XP level 1. HP: 18/18 MP: 1/1
     3 | D:1      | You fall through a shaft!
    11 | D:2      | You fall through a shaft!
    11 | D:3      | Noticed an orc wizard
    14 | D:3      | You fall through a shaft for 2 floors!
    14 | D:5      | Entered Level 5 of the Dungeon
    14 | D:5      | Noticed a phantom
    41 | D:5      | XOM: potion effect (might)
    42 | D:5      | XOM: potion effect (invisibility)
    45 | D:5      | Killed a phantom
    45 | D:5      | Reached skill level 5 in Fighting
    45 | D:5      | Reached XP level 2. HP: 14/27 MP: 2/2
    45 | D:5      | Reached XP level 3. HP: 17/33 MP: 3/3
    45 | D:5      | Reached XP level 4. HP: 20/39 MP: 4/4
    82 | D:5      | Noticed Duvessa
    87 | D:5      | Noticed Dowan
    92 | D:5      | XOM: scenery: create altars
    93 | D:5      | Killed Duvessa
    93 | D:5      | Reached XP level 5. HP: 23/46 MP: 5/5
    93 | D:5      | Killed Dowan
    93 | D:5      | XOM: divine lightning
   296 | D:5      | XOM: cloud trail
   383 | D:6      | XOM: stealth player
   389 | D:6      | You fall through a shaft for 3 floors!
   389 | D:9      | Noticed a merfolk
   396 | D:9      | HP: 2/46 [merfolk/spear (19)]
   398 | D:9      | Mangled by a merfolk

Vault maps used:
D:1:      scummos_arrival_gate
D:2:      st_stairs_7, minmay_curled_crystal
D:3:      uniq_terence, uniq_iyjb, uniq_jessica
D:5:      serial_shops, shop, first_bread, uniq_edmund, uniq_duvessa,
          uniq_crazy_yiuf_cottage, uniq_menkaure
D:6:      temple_green, kennysheep_generic_room_6
D:9:      grunt_dithmenos_smoke_and_mirrors, minmay_lair_entry_lava,
          serial_shops, shop, hangedman_fish_farm, uniq_pikel, uniq_erica,
          uniq_psyche

Skill      XL: |  1 |
---------------+----+-----
Fighting       | 5 |  5.8
Stealth        | 2 |  2.6
Polearms       | |  3.0
Armour         | |  2.1
Dodging        | |  0.8

Action                   |  1- 3 |  4- 6 || total
-------------------------+-------+-------++-------
Melee: Spear             |    27 |    42 ||    69
 Abil: Shaft Self        |     3 |     1 ||     4
  Use: Potion            |       |     1 ||     1
 Stab: Confused          |     1 |       ||     1
       Invisible         |       |     1 ||     1
       Sleeping          |       |     1 ||     1
Armor: Leather armour    |     3 |     8 ||    11
Dodge: Dodged            |     5 |    14 ||    19
